 Dungeon Crawl Stone Soup version 0.31-a0-1620-gcbf77bbcfc (webtiles) character file.

Game seed: 9326608466938194125

149 Newt the Ducker (level 5, -2/35 HPs)
             Began as a Kobold Hunter on Jan 11, 2024.
             Incinerated by a bombardier beetle (6 damage)
             ... with a burning spray
             ... on level 3 of the Dungeon.
             The game lasted 00:02:44 (1877 turns).

Newt the Ducker (Kobold Hunter)                     Turns: 1877, Time: 00:02:44

Health: -2/35      AC:  4    Str:  8    XL:     5   Next: 57%
Magic:  5/5        EV: 17    Int: 11    God:
Gold:   108        SH:  0    Dex: 20    Spells: 4/4 levels left

rFire   . . .        a - +0 shortbow
rCold   . . .        (shield currently unavailable)
rNeg    . . .        c - +0 leather armour
rPois   .            f - +0 helmet
rElec   .            (no cloak)
rCorr   .            (no gloves)
SInv    .            (no boots)
Will    .....        (no amulet)
Stlth   +            (no ring)
HPRegen 0.25/turn    (no ring)
MPRegen 0.09/turn

%: no passive effects
@: on fire, glowing, studying Dodging
A: small, no large weapons, nightstalker 3
a: no special abilities


You were on level 3 of the Dungeon.
You visited 1 branch of the dungeon, and saw 3 of its levels.

You collected 108 gold pieces.

Inventory:

Hand Weapons
 a - a +0 shortbow (weapon)
 i - a +0 sling
Armour
 c - a +0 leather armour (worn)
 f - a +0 helmet (worn)
Jewellery
 j - a ring of protection from cold
Scrolls
 b - a scroll of butterflies
 d - a scroll of fear
 e - a scroll of amnesia
 k - a scroll of blinking {unknown}
 l - a scroll of torment {unknown}
 m - a scroll of teleportation {unknown}
Potions
 g - a potion of magic
 h - a potion of heal wounds


   Skills:
 - Level 5.0 Fighting
 - Level 5.3 Ranged Weapons
 + Level 5.4 Dodging
 - Level 1.3 Stealth


You had 4 spell levels left.
You didn't know any spells.
Your spell library was empty.

Dungeon Overview and Level Annotations

Branches:
Dungeon (3/15)

Altars:

Annotations:
D:2 1 runed translucent door, Crazy Yiuf


Innate Abilities, Weirdness & Mutations

You are small and have problems with some larger weapons.
You are completely attuned to the shadows.


Message History

You shake off some of the fire as you move.
The liquid fire burns you!
You shake off the liquid fire.
You shoot an arrow. The arrow hits the bombardier beetle.
The bombardier beetle is moderately wounded.
You shoot an arrow. The arrow hits the bombardier beetle.
The bombardier beetle is heavily wounded.
You shoot an arrow. The arrow hits the bombardier beetle.
The bombardier beetle is severely wounded.
The bombardier beetle closely misses you.
You shoot an arrow.
The arrow barely misses the bombardier beetle.
The bombardier beetle sprays incendiary fluid at you.
The burning spray hits you.
You are covered in liquid fire!
You shake off some of the fire as you move.
The liquid fire burns you!
Things that are here:
a +0 club; a +0 leather armour You shake off some of the fire as you move.
The liquid fire burns you!
* * * LOW HITPOINT WARNING * * *
You shake off the liquid fire.
There is a stone staircase leading up here.
You shoot an arrow. The arrow hits the bombardier beetle.
The bombardier beetle is almost dead.
The bombardier beetle sprays incendiary fluid at you.
The burning spray hits you.
You are covered in liquid fire!
You shoot an arrow. The arrow hits the bombardier beetle!
You kill the bombardier beetle!
The liquid fire burns you!
* * * LOW HITPOINT WARNING * * *
Your Dodging skill increases to level 5!
You shake off some of the fire as you move.
The liquid fire burns you!
* * * LOW HITPOINT WARNING * * *
You shake off some of the fire as you move.
The liquid fire burns you!
You die...

#### <.# #.#
..##.####
#.......####
[......†@.<#
#########'##
#.# #.# #.#


There were no monsters in sight!

Vanquished Creatures
  A bombardier beetle (D:3)
  Robin (D:2)
  3 gnolls
  3 adders (D:2)
  A dart slug (D:2)
  5 orcs
  3 endoplasms
  3 giant cockroaches
  10 goblins
  2 hobgoblins (D:2)
  3 ball pythons
  2 bats (D:2)
  2 frilled lizards
  2 kobolds (D:1)
  A rat (D:1)
42 creatures vanquished.

Notes
Turn   | Place    | Note
-------+----------+-------------------------------------------
     0 | D:1      | Newt the Kobold Hunter began the quest for the Orb.
     0 | D:1      | Reached XP level 1. HP: 12/12 MP: 1/1
   157 | D:1      | Reached XP level 2. HP: 18/18 MP: 2/2
   553 | D:2      | Reached XP level 3. HP: 23/24 MP: 3/3
   640 | D:2      | Identified a scroll of acquirement
   640 | D:2      | Acquired a manual of Dodging
   672 | D:2      | Found a faded altar of an unknown god.
   775 | D:2      | Reached XP level 4. HP: 23/30 MP: 4/4
  1143 | D:2      | Reached skill level 5 in Fighting
  1185 | D:2      | Noticed Robin
  1192 | D:2      | Killed Robin
  1331 | D:2      | Reached XP level 5. HP: 34/35 MP: 5/5
  1442 | D:2      | Found a runed translucent door.
  1445 | D:2      | Noticed Crazy Yiuf
  1876 | D:3      | Reached skill level 5 in Dodging
  1877 | D:3      | Incinerated by a bombardier beetle

Illustrated notes

Levels and vault maps discovered:
D:1:      roderic_octagonal_star, layout_rooms
D:2:      layout_basic, chequers_ecumenical_altar_simple_redux,
          kennysheep_cross_bottleneck, uniq_crazy_yiuf_cottage, uniq_robin
D:3:      layout_loops_ring, roderic_serpentine_path

Skill      XL: |  1  2  3  4  5 |
---------------+----------------+-----
Fighting       | 3 4 5 |  5.0
Dodging        | 3 5 |  5.4
Ranged Weapons | |  5.3
Stealth        | |  1.3

Action                     |  1- 3 |  4- 6 || total
---------------------------+-------+-------++-------
   Fire: Shortbow          |    38 |    77 ||   115
    Use: Scroll            |     4 |     2 ||     6
 Armour: Leather armour    |     8 |    18 ||    26
  Dodge: Dodged            |    14 |    33 ||    47

Table legend: (Time is in decaauts)
 A = Elapsed time spent in this place.
 B = Non-inter-level travel time spent in this place.
 C = Inter-level travel time spent in this place.
 D = Time resting spent in this place.
 E = Time spent auto-exploring this place.
 F = Levels seen in this place.
 G = Mean time per level.
                   A        B        C        D        E       F      G
               +--------+--------+--------+--------+--------+-----+--------+
         Total |   1897 |   1828 |     69 |    273 |   1310 |   3 |  632.3 |
       Dungeon |   1897 |   1828 |     69 |    273 |   1310 |   3 |  632.3 |
               +--------+--------+--------+--------+--------+-----+--------+

Top non-repeatable levels by time:
     D:2: 1219 daAuts
     D:1: 635 daAuts
     D:3: 42 daAuts
